 Dungeon Crawl Stone Soup version 0.19.0-2-gae57169 (webtiles) character file.

7125 nikopol the Cleaver (level 11, -2/142 HPs)
             Began as a Hill Orc Berserker on Nov 5, 2016.
             Was a High Priest of Trog.
             Slain by a 13-headed hydra (9 damage)
             ... on level 9 of the Dungeon.
             The game lasted 00:31:08 (8486 turns).

nikopol the Cleaver (Hill Orc Berserker)            Turns: 8486, Time: 00:31:09

Health: -2/142     AC: 17    Str: 30    XL:     11   Next: 10%
Magic:  11/11      EV: 15    Int:  7    God:    Trog [*****.]
Gold:   436        SH:  0    Dex: 15    Spells: 0 memorised, 10 levels left

rFire  . . .     SeeInvis +     a - +0 war axe
rCold  . . .     Gourm    +     G - +6 ring mail of Repulsion {*Slow rPois Str+3 Slay+4}
rNeg   . . .     Faith    .     (no shield)
rPois  +         Spirit   .     T - +2 hat {SInv}
rElec  .         Reflect  .     m - +0 cloak
rCorr  .         Harm     .     P - +0 pair of gloves
MR     +....                    (no boots)
Stlth  ..........               C - amulet of the gourmand
                                R - +3 ring of dexterity
                                v - ring of protection from magic

@: berserking (expiring), very quick
A: no striking features
a: Berserk, Trog's Hand, Brothers in Arms, Burn Spellbooks, Renounce Religion


You were on level 9 of the Dungeon.
You worshipped Trog.
Trog was extremely pleased with you.
You were very full.

You visited 1 branch of the dungeon, and saw 9 of its levels.

You collected 507 gold pieces.
You spent 71 gold pieces at shops.

Inventory:

Hand Weapons
 a - a +0 war axe (weapon)
 x - a +0 hand axe
 z - a +0 shortbow
Missiles
 q - 127 arrows (quivered)
Armour
 b - a +0 animal skin
 e - a +0 ring mail
 f - a +0 pair of gloves
 m - a +0 cloak (worn)
 u - a +1 ring mail of fire resistance
 G - the +6 ring mail of Repulsion (worn) {*Slow rPois Str+3 Slay+4}
   (You found it on level 6 of the Dungeon)

   It affects your strength (+3).
   It affects your accuracy and damage with ranged weapons and melee attacks
   (+4).
   It protects you from poison.
   It may slow you when you take damage.
 P - a +0 pair of gloves (worn)
 T - a +2 hat of see invisible (worn)
Jewellery
 v - a ring of protection from magic (left hand)
 C - an amulet of the gourmand (around neck)
 H - an uncursed amulet of guardian spirit
 R - a +3 ring of dexterity (right hand)
Wands
 I - a wand of acid (6/15)
 N - a wand of polymorph (10/24)
Scrolls
 d - 2 scrolls of enchant armour {unknown}
 g - 2 scrolls of amnesia {unknown}
 j - 3 scrolls of blinking {unknown}
 k - 4 scrolls of magic mapping
 n - 4 scrolls of identify
 p - 5 scrolls of teleportation {unknown}
 s - a scroll of fog {unknown}
 w - a scroll of remove curse {unknown}
 y - 2 scrolls of noise {unknown}
 A - a scroll of random uselessness {unknown}
 D - a scroll of immolation {unknown}
 E - a scroll of fear {unknown}
 K - a scroll of torment {unknown}
 L - a scroll of summoning {unknown}
Potions
 h - a potion of brilliance {unknown}
 l - 2 potions of berserk rage {unknown}
 o - a potion of degeneration {unknown}
 r - 2 potions of ambrosia {unknown}
 B - a potion of beneficial mutation {unknown}
 F - 2 potions of flight {unknown}
 J - 4 potions of might {unknown}
 M - a potion of heal wounds
 O - a potion of curing
 S - a potion of agility {unknown}
 U - 2 potions of haste {unknown}
Comestibles
 c - 7 bread rations
 i - 3 meat rations
 t - a royal jelly
 Q - a slice of pizza
 V - a beef jerky
 W - 5 chunks of flesh


   Skills:
 + Level 8.8 Fighting
 * Level 11.9 Axes
 * Level 7.1 Bows
 + Level 8.0 Armour
 + Level 5.9 Dodging


You had 10 spell levels left.
You didn't know any spells.

Dungeon Overview and Level Annotations

Branches:
Dungeon (9/15)             Temple (0/1) D:7
   Lair: D:8-11         Orc: D:9-12

Altars:
Cheibriados
Dithmenos
Fedhas
Gozag
Kikubaaqudgha
Makhleb
Nemelex Xobeh
Qazlal
Ru
Vehumet
Yredelemnul

Shops:
D:5 *   D:6 =%%*[   D:9 *


Message History

You lop one of the 12-headed hydra's heads off!
The 11-headed hydra grows two more!
You slash the 13-headed hydra!
The 13-headed hydra is severely wounded.
The 13-headed hydra bites you but does no damage.
The 13-headed hydra barely misses you. The 13-headed hydra misses you.
The 13-headed hydra bites you.
* * * LOW HITPOINT WARNING * * *
The 13-headed hydra bites you but does no damage.
The 13-headed hydra bites you.
* * * LOW HITPOINT WARNING * * *
The 13-headed hydra bites you.
* * * LOW HITPOINT WARNING * * *
The 13-headed hydra bites you.
* * * LOW HITPOINT WARNING * * *
The 13-headed hydra bites you.
* * * LOW HITPOINT WARNING * * *
The 13-headed hydra bites you!
* * * LOW HITPOINT WARNING * * *
The 13-headed hydra bites you!
You die...

$# .# .######
#####.......
#...#.......
#...#(......
#...#D......
#...@.......
###.#.......
#####.###.....
#.......+ ....
+.......# ../
##.###### ..
######.### #
#........# ..
#........#


You could see a 13-headed hydra.

Vanquished Creatures
  Gastronok (D:8)
  Pikel (D:5)
  The ghost of simples the Covert, a novice SpEn of Gozag (D:7)
  Prince Ribbit (D:8)
  Grinder (D:5)
  A hippogriff (D:7)
  A yak (D:9)
  A hungry ghost (D:6)
  Menkaure (D:5)
  2 orc warriors
  An ice beast (D:7)
  2 black bears
  3 sky beasts
  A necrophage (D:8)
  A phantom (D:8)
  4 ogres
  5 centaurs
  A crocodile (D:8)
  4 bullfrogs
  A scorpion (D:6)
  5 wights (D:7)
  2 howler monkeys
  9 crimson imps
  A bullfrog zombie (D:6)
  A centaur zombie (D:8)
  A jelly (D:7)
  5 orc priests
  2 bullfrog skeletons (D:9)
  4 hounds
  4 orc wizards
  A centaur skeleton (D:8)
  5 iguanas
  Ijyb (D:2)
  Terence (D:2)
  Natasha (D:2)
  6 worker ants
  2 hound zombies
  3 gnolls (D:3)
  A howler monkey skeleton (D:7)
  7 adders
  3 river rats (D:9)
  A shadow imp (D:8)
  An adder zombie (D:5)
  An adder skeleton (D:6)
  4 worms
  4 dart slugs
  8 leopard geckos
  42 orcs
  6 giant cockroaches
  11 goblins
  3 hobgoblins
  10 jackals
  4 quokkas
  2 ball pythons
  19 bats
  5 frilled lizards
  7 kobolds
  A quokka skeleton (D:7)
  17 rats
  3 fungi (D:9)
  A plant (D:9)
249 creatures vanquished.

Vanquished Creatures (others)
  A sky beast (D:8)
  2 slaves
  An ogre (D:5)
  A crimson imp (D:5)
  An adder (D:2)
  A leopard gecko (D:7)
7 creatures vanquished.

Grand Total: 256 creatures vanquished

Notes
Turn   | Place    | Note
-------+----------+-------------------------------------------
     0 | D:1      | nikopol the Hill Orc Berserker began the quest for the Orb.
     0 | D:1      | Reached XP level 1. HP: 19/19 MP: 1/1
   143 | D:1      | Reached XP level 2. HP: 27/27 MP: 2/2
   688 | D:2      | Reached XP level 3. HP: 33/33 MP: 3/3
   739 | D:2      | Noticed Ijyb
   761 | D:2      | Killed Ijyb
   761 | D:2      | Reached XP level 4. HP: 28/41 MP: 4/4
   785 | D:2      | Reached ** piety under Trog
  1087 | D:2      | Noticed Terence
  1099 | D:2      | Killed Terence
  1226 | D:2      | Reached XP level 5. HP: 47/47 MP: 5/5
  1266 | D:2      | Found a shadowy altar of Dithmenos.
  1324 | D:2      | Noticed Natasha
  1334 | D:2      | Killed Natasha
  1334 | D:2      | Reached skill level 5 in Axes
  1474 | D:2      | Found a radiant altar of Vehumet.
  1747 | D:3      | Reached skill level 5 in Fighting
  1817 | D:3      | Found an opulent altar of Gozag.
  2199 | D:3      | Reached *** piety under Trog
  2206 | D:3      | Reached XP level 6. HP: 29/56 MP: 6/6
  2659 | D:4      | Noticed a sky beast
  2713 | D:4      | Killed a sky beast
  2771 | D:4      | Reached skill level 6 in Axes
  2771 | D:4      | Reached XP level 7. HP: 42/62 MP: 7/7
  3508 | D:4      | HP: 2/94 [orc warrior/hand axe (16)]
  3841 | D:4      | Found a sparkling altar of Nemelex Xobeh.
  3987 | D:4      | Reached skill level 1 in Bows
  3987 | D:4      | Reached skill level 5 in Armour
  4177 | D:5      | Entered Level 5 of the Dungeon
  4177 | D:5      | Found Rufaex's General Store.
  4185 | D:5      | Reached XP level 8. HP: 61/70 MP: 8/8
  4236 | D:5      | Noticed Menkaure
  4244 | D:5      | Killed Menkaure
  4244 | D:5      | Reached skill level 7 in Axes
  4457 | D:5      | Noticed Pikel
  4486 | D:5      | Reached **** piety under Trog
  4491 | D:5      | Killed Pikel
  4898 | D:5      | Found an ancient bone altar of Kikubaaqudgha.
  4939 | D:5      | Noticed Grinder
  4951 | D:5      | Killed Grinder
  4951 | D:5      | Reached skill level 8 in Axes
  4951 | D:5      | Reached XP level 9. HP: 78/78 MP: 9/9
  5297 | D:6      | Found Dutei's Jewellery Boutique.
  5299 | D:6      | Found Nen Beon's Food Boutique.
  5301 | D:6      | Got a translucent ring mail
  5302 | D:6      | Found Buakhlih's Food Boutique.
  5357 | D:6      | You fall through a shaft!
  5367 | D:7      | Noticed simples's ghost (novice SpEn)
  5383 | D:7      | Killed simples's ghost
  5383 | D:7      | Reached skill level 9 in Axes
  5392 | D:6      | Found a sparkling altar of Nemelex Xobeh.
  5392 | D:6      | Found a blossoming altar of Fedhas.
  5392 | D:6      | Found a stormy altar of Qazlal.
  5392 | D:6      | Found a sacrificial altar of Ru.
  5395 | D:6      | Found a basalt altar of Yredelemnul.
  5794 | D:6      | Found Ziuprog's General Store.
  5798 | D:6      | Bought a scroll of magic mapping for 38 gold pieces
  5798 | D:6      | Bought a potion of curing for 33 gold pieces
  5876 | D:6      | Reached skill level 5 in Dodging
  5953 | D:6      | Received a gift from Trog
  5964 | D:6      | Found a burning altar of Makhleb.
  6019 | D:6      | Reached skill level 5 in Bows
  6042 | D:6      | Identified the +6 ring mail of Repulsion {*Slow rPois Str+3 Slay+4} (You found it on level 6 of the Dungeon)
  6216 | D:6      | Reached skill level 10 in Axes
  6216 | D:6      | Reached XP level 10. HP: 87/88 MP: 10/10
  6342 | D:6      | Found a snail-covered altar of Cheibriados.
  6366 | D:6      | Found Lipreree's Antique Armour Emporium.
  6720 | D:7      | Found a staircase to the Ecumenical Temple.
  6940 | D:8      | Noticed Gastronok
  6945 | D:8      | Reached ***** piety under Trog
  7062 | D:8      | Received a gift from Trog
  7067 | D:8      | Killed Gastronok
  7067 | D:8      | Reached skill level 11 in Axes
  7336 | D:8      | Noticed Prince Ribbit
  7458 | D:8      | Killed Prince Ribbit
  7673 | D:8      | Reached XP level 11. HP: 95/95 MP: 11/11
  7852 | D:8      | Received a gift from Trog
  8409 | D:9      | Found Qour's Assorted Antiques.
  8475 | D:9      | Noticed a seven-headed hydra
  8486 | D:9      | HP: 7/142 [13-headed hydra (7)]
  8486 | D:9      | Slain by a 13-headed hydra

Skill      XL: |  1  2  3  4  5  6  7  8  9 10 11 |
---------------+----------------------------------+-----
Fighting       | 4 5 6 7 8 |  8.8
Dodging        | 2 3 4 5 |  5.9
Armour         | 3 4 5 6 7 8 |  8.0
Axes           | 5 6 8 10 11 | 11.9
Bows           | 1 3 5 6 7 |  7.1

Action                   |  1- 3 |  4- 6 |  7- 9 | 10-12 || total
-------------------------+-------+-------+-------+-------++-------
Melee: Hand axe          |    65 |   288 |    49 |       ||   402
       War axe           |       |       |   192 |   167 ||   359
 Fire: Shortbow          |       |       |   110 |   159 ||   269
Invok: Berserk           |     1 |     3 |     5 |     3 ||    12
       Trog's Hand       |       |       |     1 |       ||     1
       Burn Spellbooks   |       |       |       |     1 ||     1
  Use: Scroll            |       |       |       |     2 ||     2
  Eat: Chunk             |       |    10 |    17 |    18 ||    45
       Beef jerky        |       |       |       |     1 ||     1
Armor: Ring mail         |    26 |   111 |    89 |    87 ||   313
       Animal skin       |     1 |       |       |       ||     1
Dodge: Dodged            |    29 |   163 |   137 |   146 ||   475
